 Dungeon Crawl Stone Soup version 0.20.1-1-g8b1a95d (webtiles) character file.

41 dohliylev the Vexing (level 3, 0/24 HPs)
             Began as a Vampire Enchanter on Dec 13, 2017.
             Succumbed to an adder's poison
             ... on level 2 of the Dungeon.
             The game lasted 00:03:51 (897 turns).

dohliylev the Vexing (Vampire Enchanter)             Turns: 897, Time: 00:03:51

Health: 0/24       AC:  2    Str:  7    XL:     3   Next: 32%
Magic:  1/6        EV: 13    Int: 17    God:
Gold:   98         SH:  0    Dex: 15    Spells: 3/6 levels left

rFire    . . .     SeeInvis +   a - +1 dagger
rCold    + . .     Gourm    .   (no shield)
rNeg     + . .     Faith    .   b - +0 robe
rPois    .         Spirit   .   (no helmet)
rElec    .         Reflect  .   (no cloak)
rCorr    .         Harm     .   (no gloves)
MR       .....                  (no boots)
Stlth    +++.......             (no amulet)
Regen    0.1/turn               i - ring of protection from cold
MPRegen  0.1/turn               (no ring)

@: lethally poisoned (0 -> -8)
A: fangs 3, see invisible, unbreathing
a: Bat Form


You were on level 2 of the Dungeon.
You were not thirsty.

You visited 1 branch of the dungeon, and saw 2 of its levels.

You collected 98 gold pieces.

Inventory:

Hand Weapons
 a - a +1 dagger (weapon)
Armour
 b - a +0 robe (worn)
Jewellery
 i - a ring of protection from cold (left hand)
Scrolls
 f - 2 scrolls of enchant armour {unknown}
 h - a scroll of amnesia {unknown}
 k - a scroll of random uselessness {unknown}
 l - a scroll of identify {unknown}
Potions
 d - 6 potions of blood
 e - 2 potions of curing {unknown}
 g - a potion of lignification {unknown}
 j - a potion of haste {unknown}
 m - a potion of experience {unknown}
 n - a potion of might {unknown}
Books
 c - a book of Maledictions

   Spells                             Type                      Level
   a - Corona                         Hexes                        1
   b - Ensorcelled Hibernation        Hexes/Ice                    2
   c - Confuse                        Hexes                        3
   d - Tukima's Dance                 Hexes                        3
   e - Dazzling Spray                 Conjuration/Hexes            3


   Skills:
 - Level 1.1 Short Blades
 - Level 2.3 Dodging
 + Level 5.2 Stealth
 + Level 2.3 Spellcasting
 + Level 5.2 Hexes
 + Level 0.4 Ice Magic


You had 3 spell levels left.
You knew the following spells:

 Your Spells              Type           Power        Failure   Level  Hunger
a - Corona                Hex            ###....      2%          1    #......
b - Ensorcelled Hibernat  Hex/Ice        ##....       9%          2    ##.....


Dungeon Overview and Level Annotations

Branches:
Dungeon (2/15)

Altars:


Innate Abilities, Weirdness & Mutations

You have razor-sharp teeth.
You have supernaturally acute eyesight. (SInv)
You can survive without breathing.


Message History

You hit the adder but do no damage.
The adder is moderately wounded.
* * * LOW HITPOINT WARNING * * *
You feel sick. The adder bites you.
* * * LOW HITPOINT WARNING * * *
You closely miss the adder.
The adder is moderately wounded.
The adder bites you.
* * * LOW HITPOINT WARNING * * *
You hit the adder.
The adder is heavily wounded.
* * * LOW HITPOINT WARNING * * *
You feel sick. The adder bites you.
* * * LOW HITPOINT WARNING * * *
You barely miss the adder.
The adder is heavily wounded.
The adder stops glowing.
The adder misses you.
You hit the adder.
The adder is severely wounded.
You die...

.####. ..... #....
... #.(. ... ##.....
.. #...#.# .(... #.
#...#.#### .... .
#.S@#....####.... #
###.#.....#.....####
#.#...............
##<#.....#.#.#.....
#..................
##.......######.####
#....>[.............
#.....#.#####.###.##
#.......w.....#.....


You could see an adder.

Vanquished Creatures
  An adder (D:2)
  A dart slug (D:1)
  A leopard gecko (D:1)
  A goblin (D:1)
  8 hobgoblins
  2 jackals (D:2)
  4 bats
  2 frilled lizards
  5 kobolds (D:1)
  4 rats
29 creatures vanquished.

Notes
Turn   | Place    | Note
-------+----------+-------------------------------------------
     0 | D:1      | dohliylev the Vampire Enchanter began the quest for the Orb.
     0 | D:1      | Reached XP level 1. HP: 13/13 MP: 3/3
   222 | D:1      | Reached skill level 5 in Hexes
   222 | D:1      | Reached XP level 2. HP: 7/19 MP: 3/5
   228 | D:1      | Learned a level 2 spell: Ensorcelled Hibernation
   762 | D:2      | Reached XP level 3. HP: 24/24 MP: 0/6
   858 | D:2      | Reached skill level 5 in Stealth
   895 | D:2      | HP: 1/24 [adder (1)]
   897 | D:2      | Succumbed to an adder's poison

Skill      XL: |  1  2  3 |
---------------+----------+-----
Hexes          | 5 |  5.2
Stealth        | 5 |  5.2
Short Blades   | |  1.1
Dodging        | |  2.3
Spellcasting   | |  2.3
Ice Magic      | |  0.4

Action                   || total
-------------------------++-------
Melee: Dagger            ||   106
       Bite              ||     8
 Cast: Corona            ||     6
       Ensorcelled Hiber ||    19
 Stab: Sleeping          ||    14
  Eat: Corpse            ||     6
Armor: Robe              ||     8
Dodge: Dodged            ||    83
